 Dungeon Crawl Stone Soup version 0.23-a0-270-gab6feb3dfb (webtiles) character file.

11789 Ablot the Thaumaturge (level 11, -5/86 HPs)
             Began as a Gnoll Skald on Oct 1, 2018.
             Was a High Priest of Okawaru.
             Killed from afar by a fire dragon (54 damage)
             ... with a blast of flame
             ... on level 11 of the Dungeon.
             The game lasted 00:33:11 (10218 turns).

Ablot the Thaumaturge (Gnoll Skald)                Turns: 10218, Time: 00:33:12

Health: -5/86      AC:  9    Str: 13    XL:     11   Next: 83%
Magic:  6/23       EV: 20    Int: 18    God:    Okawaru [*****.]
Gold:   641        SH:  7    Dex: 24    Spells: 2/26 levels left

rFire    x . .     SeeInvis .   a - +2 spear (freeze)
rCold    + + +     Gourm    .   w - +0 buckler
rNeg     . . .     Faith    .   x - +0 steam dragon scales
rPois    .         Spirit   .   z - +2 hat
rElec    .         Reflect  .   (no cloak)
rCorr    .         Harm     .   C - +0 pair of gloves
MR       .....                  (no boots)
Stlth    ++++......             (no amulet)
HPRegen  1.24/turn              U - ring of Sirobb {*Contam rC++ Str-5 Int+3 Dex+8}
MPRegen  0.18/turn              M - ring "Muphouv" {Ice +Fly Dex+2 Slay+5}

@: shrouded, barbed spikes, regenerating
A: distributed training, fangs 1, strong nose
a: Heroism, Finesse, Renounce Religion, Evoke Flight


You were on level 11 of the Dungeon.
You worshipped Okawaru.
Okawaru was extremely pleased with you.
You were not hungry.

You visited 2 branches of the dungeon, and saw 13 of its levels.
You also visited: Sewer.

You collected 641 gold pieces.

Inventory:

Hand Weapons
 a - a +2 spear of freezing (weapon)
 q - a +6 hunting sling
 s - a +2 rapier of venom
Missiles
 b - 53 sling bullets
 g - 2 throwing nets (quivered)
 h - 487 stones
 i - 100 bolts
 B - 162 arrows
 Y - 8 needles of confusion
Armour
 w - a +0 buckler (worn)
 x - +0 steam dragon scales (worn)
 z - a +2 hat (worn)
 C - a +0 pair of gloves (worn)
Jewellery
 r - an uncursed ring of protection from fire
 v - an uncursed ring of poison resistance
 M - the ring "Muphouv" (right hand) {Ice +Fly Dex+2 Slay+5}
   (You took it off an orc priest on level 6 of the Dungeon)

   [ring of ice]

   It enhances your ice magic.
   It affects your dexterity (+2).
   It affects your accuracy and damage with ranged weapons and melee attacks
   (+5).
   It makes you vulnerable to fire.
   It protects you from cold.
   It lets you fly.
 U - the ring of Sirobb (left hand) {*Contam rC++ Str-5 Int+3 Dex+8}
   (You found it on level 8 of the Dungeon)

   [ring of intelligence]

   It affects your strength (-5).
   It affects your intelligence (+3).
   It affects your dexterity (+8).
   It greatly protects you from cold.
   It causes magical contamination when unequipped.
Wands
 G - a wand of flame (32)
 I - a wand of paralysis (10)
 J - a wand of disintegration (33)
 P - a wand of digging (8)
 Q - a wand of polymorph (17)
 V - a wand of acid (11)
Scrolls
 c - 2 scrolls of remove curse
 e - 4 scrolls of teleportation
 j - 8 scrolls of fog
 p - 4 scrolls of magic mapping
 t - 3 scrolls of fear
 D - 2 scrolls of enchant weapon
 E - 2 scrolls of amnesia {unknown}
 N - a scroll of torment {unknown}
 R - a scroll of enchant armour {unknown}
 T - a scroll of summoning {unknown}
 W - a scroll of vulnerability {unknown}
 X - a scroll of immolation {unknown}
 Z - a scroll of brand weapon {unknown}
Potions
 f - 2 potions of heal wounds
 k - 4 potions of brilliance
 l - 2 potions of invisibility
 m - a potion of lignification {unknown}
 u - 5 potions of might
 A - 3 potions of curing {unknown}
 F - a potion of berserk rage {unknown}
 H - 3 potions of magic {unknown}
 K - a potion of resistance {unknown}
 L - a potion of flight {unknown}
 O - 2 potions of mutation {unknown}
 S - a potion of agility {unknown}
Comestibles
 d - 21 rations
 o - 11 chunks of flesh


   Skills:
 + Level 8.1 Fighting
 + Level 6.5 Short Blades
 + Level 6.5 Long Blades
 + Level 6.5 Axes
 + Level 6.5 Maces & Flails
 + Level 8.1 Polearms
 + Level 6.5 Staves
 + Level 6.5 Slings
 + Level 6.5 Bows
 + Level 6.5 Crossbows
 + Level 6.5 Throwing
 + Level 7.1 Armour
 + Level 8.1 Dodging
 + Level 6.5 Stealth
 + Level 6.5 Shields
 + Level 6.5 Unarmed Combat
 + Level 8.3 Spellcasting
 + Level 5.4 Conjurations
 + Level 5.4 Hexes
 + Level 7.8 Charms
 + Level 5.4 Summonings
 + Level 5.4 Necromancy
 + Level 5.4 Translocations
 + Level 5.4 Transmutations
 + Level 5.4 Fire Magic
 + Level 5.4 Ice Magic
 + Level 5.4 Air Magic
 + Level 5.4 Earth Magic
 + Level 5.4 Poison Magic
 + Level 7.2 Invocations
 + Level 6.5 Evocations


You had 2 spell levels left.
You knew the following spells:

 Your Spells              Type           Power        Failure   Level  Hunger
a - Infusion              Chrm           ####         1%          1    None
b - Song of Slaying       Chrm           #####...     1%          2    None
c - Shroud of Golubria    Chrm/Tloc      ####......   1%          2    None
d - Regeneration          Chrm/Necr      ####......   1%          3    None
e - Spectral Weapon       Hex/Chrm       ####....     1%          3    None
f - Blink                 Tloc           N/A          1%          2    None
g - Conjure Flame         Conj/Fire      ####....     3%          3    None
h - Mephitic Cloud        Conj/Pois/Air  ####....     3%          3    None
i - Summon Butterflies    Summ           ####....     1%          1    None
j - Summon Lightning Spi  Summ/Air       ####....     10%         4    ###....

Your spell library contained the following spells:

 Spells                   Type           Power        Failure   Level  Hunger
 Animate Skeleton         Necr           N/A          1%          1    None
 Apportation              Tloc           ####..       1%          1    None
 Confusing Touch          Hex            ####..       1%          1    None
 Magic Dart               Conj           ####         1%          1    None
 Summon Small Mammal      Summ           ####         1%          1    None
 Call Imp                 Summ           ####....     1%          2    None
 Slow                     Hex            ####....     1%          2    None
 Call Canine Familiar     Summ           ####....     3%          3    None
 Summon Guardian Golem    Hex/Summ       ####....     3%          3    None
 Summon Ice Beast         Ice/Summ       #####...     10%         4    ###....
 Summon Mana Viper        Hex/Summ       ####....     28%         5    #####..
 Summon Hydra             Summ           ####......   100%        7    #######


Dungeon Overview and Level Annotations

Branches:
Dungeon (12/15)            Temple (1/1) D:5            Lair (0/6) D:8
    Orc (0/2) D:9

Altars:
Ashenzari
Cheibriados
Dithmenos
Elyvilon
Fedhas
Gozag
Hepliaklqana
Kikubaaqudgha
Makhleb
Nemelex Xobeh
Okawaru
Qazlal
Ru
Sif Muna
Trog
Uskayaw
Vehumet
Wu Jian
Xom
Yredelemnul
Zin
The Shining One

Shops:
D:5 %   D:7 :

Annotations:
D:10 3 runed doors, neozumm's ghost, novice MiGl
D:12 Frances


Innate Abilities, Weirdness & Mutations

Your experience applies equally to all skills.
You have very sharp teeth.
Your uncanny sense of smell can sniff out nearby items.


Message History

Unknown command.
You hit the fire bat. You freeze the fire bat. You bite the fire bat.
The fire bat is moderately wounded.
The fire bat completely misses you. The fire bat misses you.
Unknown command.
Casting: Regeneration (safe; 1% risk of failure)
Confirm with . or Enter, or press ? or * to list all spells.
Space distorts slightly along a thin shroud covering your body.
The fire bat completely misses you.
A fire bat comes into view.
The fire bat bites your lightning spire.
Your lightning spire is engulfed in flames.
Your lightning spire resists.
Your lightning spire shoots out a bolt of lightning at the fire bat!
The bolt of electricity hits the fire bat.
The fire dragon breathes flames at you.
The blast of flame hits the fire bat.
The fire bat completely resists.
The blast of flame hits you! The fire burns you terribly!
Ouch! That really hurt!
You die...

#.###..............#.#
#...
...........).)#....##
... ##.......#...#...#
... ##...........#...#
...
##..........)..#...#
##.
#..............#...#
##
##...................
# #................#..
##.........@......# ..
#........§8b.......# .
##......###.###..#..#
#......## .... ###
#.....## ..D...# ∆
#..<.## ......H.#
##..## .##...##..#
##.# .. ..b.b ... .
### :.. .. .


You could see a fire dragon, 2 fire bats and a friendly lightning spire.

Vanquished Creatures
  2 two-headed ogres
  2 unseen horrors
  An ugly thing (D:12)
  A deep elf mage (D:12)
  A cyclops (D:11)
  A gargoyle (D:10)
  Psyche (D:11)
  A merfolk (D:11)
  3 trolls
  Grinder (D:5)
  A hippogriff (D:6)
  Sigmund (D:2)
  3 yaks (D:6)
  A wyvern (D:11)
  Eustachio (D:6)
  A fire bat (D:11)
  5 hungry ghosts
  2 vampire mosquitoes (D:9)
  2 sky beasts
  A hornet zombie (D:11)
  5 orc warriors
  3 phantoms
  A necrophage (D:11)
  6 ogres
  2 centaurs (D:9)
  4 bullfrogs
  3 scorpions
  2 troll zombies (D:9)
  10 howler monkeys
  4 crimson imps
  A bullfrog zombie (D:5)
  A centaur zombie (D:5)
  10 orc priests
  4 jellies
  4 centaur skeletons
  2 bullfrog skeletons
  6 hounds
  6 orc wizards
  A gnoll shaman (D:7)
  4 iguanas
  8 worker ants
  4 ogre zombies (D:9)
  A hound zombie (D:6)
  A hound skeleton (D:4)
  A worker ant zombie (D:3)
  Robin (D:2)
  12 gnolls
  14 adders
  7 river rats (Sewer)
  A shadow imp (D:10)
  2 oozes
  An adder zombie (D:6)
  4 worms
  8 leopard geckos
  25 orcs
  9 bats
  8 giant cockroaches
  15 goblins
  9 hobgoblins
  5 jackals
  A quokka (D:10)
  8 ball pythons
  A ball python skeleton (D:4)
  11 frilled lizards
  2 goblin skeletons (D:9)
  A goblin zombie (D:9)
  3 hobgoblin zombies (D:9)
  A jackal skeleton (D:5)
  9 kobolds
  2 orc skeletons (D:9)
  11 orc zombies (D:9)
  29 rats
326 creatures vanquished.

Vanquished Creatures (others)
  3 plants (D:10)
  5 spectral weapons
8 creatures vanquished.

Grand Total: 334 creatures vanquished

Notes
Turn   | Place    | Note
-------+----------+-------------------------------------------
     0 | D:1      | Ablot the Gnoll Skald began the quest for the Orb.
     0 | D:1      | Reached XP level 1. HP: 20/20 MP: 6/6
    91 | D:1      | Reached XP level 2. HP: 12/26 MP: 7/7
   110 | D:1      | Learned a level 2 spell: Song of Slaying
   113 | D:1      | Learned a level 2 spell: Shroud of Golubria
   980 | D:1      | Reached XP level 3. HP: 31/31 MP: 9/9
  1167 | D:2      | Noticed Sigmund
  1174 | D:1      | Learned a level 3 spell: Regeneration
  1178 | D:1      | Learned a level 3 spell: Spectral Weapon
  1192 | D:2      | Killed Sigmund
  1192 | D:2      | Reached skill level 1 in Short Blades
  1192 | D:2      | Reached skill level 1 in Long Blades
  1192 | D:2      | Reached skill level 1 in Axes
  1192 | D:2      | Reached skill level 1 in Maces & Flails
  1192 | D:2      | Reached skill level 1 in Staves
  1192 | D:2      | Reached skill level 1 in Slings
  1192 | D:2      | Reached skill level 1 in Bows
  1192 | D:2      | Reached skill level 1 in Crossbows
  1192 | D:2      | Reached skill level 1 in Throwing
  1192 | D:2      | Reached skill level 1 in Stealth
  1192 | D:2      | Reached skill level 1 in Shields
  1192 | D:2      | Reached skill level 1 in Unarmed Combat
  1192 | D:2      | Reached skill level 5 in Spellcasting
  1192 | D:2      | Reached skill level 1 in Conjurations
  1192 | D:2      | Reached skill level 1 in Hexes
  1192 | D:2      | Reached skill level 1 in Summonings
  1192 | D:2      | Reached skill level 1 in Necromancy
  1192 | D:2      | Reached skill level 1 in Translocations
  1192 | D:2      | Reached skill level 1 in Transmutations
  1192 | D:2      | Reached skill level 1 in Fire Magic
  1192 | D:2      | Reached skill level 1 in Ice Magic
  1192 | D:2      | Reached skill level 1 in Air Magic
  1192 | D:2      | Reached skill level 1 in Earth Magic
  1192 | D:2      | Reached skill level 1 in Poison Magic
  1192 | D:2      | Reached skill level 1 in Invocations
  1192 | D:2      | Reached skill level 1 in Evocations
  1192 | D:2      | Reached XP level 4. HP: 13/38 MP: 0/11
  1192 | D:2      | Reached XP level 5. HP: 15/43 MP: 0/12
  1547 | D:2      | Noticed Robin
  1561 | D:2      | Killed Robin
  1957 | D:2      | Found a faded altar of an unknown god.
  1966 | D:2      | Reached XP level 6. HP: 50/50 MP: 13/13
  3393 | D:4      | Found a deep blue altar of Sif Muna.
  3404 | D:4      | Reached skill level 5 in Fighting
  3404 | D:4      | Reached skill level 5 in Polearms
  3404 | D:4      | Reached skill level 5 in Dodging
  3958 | D:4      | Reached XP level 7. HP: 56/56 MP: 10/15
  4009 | D:5      | Entered Level 5 of the Dungeon
  4027 | D:5      | Found Lirghal's Food Emporium.
  4095 | D:5      | Noticed Grinder
  4181 | D:5      | Killed Grinder
  4321 | D:5      | Found a staircase to the Ecumenical Temple.
  4330 | D:5      | Reached XP level 8. HP: 48/63 MP: 8/16
  4339 | Temple   | Entered the Ecumenical Temple
  4499 | Temple   | Became a worshipper of Warmaster Okawaru
  5189 | D:6      | Found a white marble altar of Elyvilon.
  5229 | D:6      | Noticed a hippogriff
  5241 | D:6      | Killed a hippogriff
  5272 | D:6      | Noticed a yak
  5272 | D:6      | Noticed a yak
  5407 | D:6      | Reached * piety under Okawaru
  5433 | D:6      | Got a coiled jade ring
  5488 | D:6      | Found a glowing drain.
  5543 | D:6      | Identified the ring "Muphouv" {Ice +Fly Dex+2 Slay+5} (You
                  | took it off an orc priest on level 6 of the Dungeon)
  5546 | Sewer    | Entered a sewer
  5583 | Sewer    | Reached XP level 9. HP: 69/69 MP: 18/18
  5901 | D:6      | Noticed Eustachio
  5910 | D:6      | Killed Eustachio
  6018 | D:6      | Reached ** piety under Okawaru
  6024 | D:6      | Reached skill level 5 in Armour
  6053 | D:6      | Learned a level 2 spell: Blink
  6057 | D:6      | Learned a level 3 spell: Conjure Flame
  6061 | D:6      | Learned a level 3 spell: Mephitic Cloud
  6182 | D:7      | Found Xuacs's Book Shop.
  6483 | D:7      | Reached skill level 5 in Invocations
  6962 | D:8      | Reached *** piety under Okawaru
  6962 | D:8      | Reached XP level 10. HP: 77/77 MP: 15/20
  7141 | D:8      | Found a staircase to the Lair.
  7233 | D:8      | Noticed a two-headed ogre
  7241 | D:8      | Killed a two-headed ogre
  7241 | D:8      | Reached skill level 5 in Short Blades
  7241 | D:8      | Reached skill level 5 in Long Blades
  7241 | D:8      | Reached skill level 5 in Axes
  7241 | D:8      | Reached skill level 5 in Maces & Flails
  7241 | D:8      | Reached skill level 5 in Staves
  7241 | D:8      | Reached skill level 5 in Slings
  7241 | D:8      | Reached skill level 5 in Bows
  7241 | D:8      | Reached skill level 5 in Crossbows
  7241 | D:8      | Reached skill level 5 in Throwing
  7241 | D:8      | Reached skill level 5 in Stealth
  7241 | D:8      | Reached skill level 5 in Shields
  7241 | D:8      | Reached skill level 5 in Unarmed Combat
  7241 | D:8      | Reached skill level 5 in Evocations
  7249 | D:8      | Found a stormy altar of Qazlal.
  7307 | D:8      | Got a smoking tin ring
  7309 | D:8      | Identified the ring of Sirobb {*Contam rC++ Str-5 Int+3
                  | Dex+8} (You found it on level 8 of the Dungeon)
  7503 | D:8      | Reached **** piety under Okawaru
  7605 | D:9      | Found a radiant altar of Vehumet.
  7776 | D:9      | Found a staircase to the Orcish Mines.
  8295 | D:9      | Learned a level 1 spell: Summon Butterflies
  8300 | D:9      | Learned a level 4 spell: Summon Lightning Spire
  8467 | D:10     | Entered Level 10 of the Dungeon
  8771 | D:10     | Reached ***** piety under Okawaru
  8780 | D:10     | Found a runed gate.
  8782 | D:10     | Noticed neozumm's ghost (novice MiGl)
  8784 | D:10     | Found a runed gate.
  8784 | D:10     | Found a runed gate.
  8786 | D:10     | Noticed a 12-headed hydra
  8787 | D:10     | Noticed a ten-headed hydra
  8832 | D:10     | Noticed a gargoyle
  8839 | D:10     | Killed a gargoyle
  8839 | D:10     | Reached XP level 11. HP: 75/84 MP: 15/22
  8954 | D:10     | Killed an unseen horror
  8954 | D:10     | Received a gift from Okawaru
  9275 | D:10     | You fall through a shaft for 2 floors!
  9278 | D:12     | Noticed Frances
  9293 | D:12     | Noticed a red ugly thing
  9302 | D:12     | Noticed a deep elf mage
  9307 | D:12     | HP: 2/84 [red ugly thing (28)]
  9345 | D:12     | Killed a red ugly thing
  9357 | D:12     | Killed a deep elf mage
  9357 | D:12     | Received a gift from Okawaru
  9357 | D:12     | Reached skill level 5 in Conjurations
  9357 | D:12     | Reached skill level 5 in Hexes
  9357 | D:12     | Reached skill level 5 in Summonings
  9357 | D:12     | Reached skill level 5 in Necromancy
  9357 | D:12     | Reached skill level 5 in Translocations
  9357 | D:12     | Reached skill level 5 in Transmutations
  9357 | D:12     | Reached skill level 5 in Fire Magic
  9357 | D:12     | Reached skill level 5 in Ice Magic
  9357 | D:12     | Reached skill level 5 in Air Magic
  9357 | D:12     | Reached skill level 5 in Earth Magic
  9357 | D:12     | Reached skill level 5 in Poison Magic
  9539 | D:11     | Killed an unseen horror
  9559 | D:11     | Noticed a cyclops
  9569 | D:11     | Killed a cyclops
  9569 | D:11     | Received a gift from Okawaru
  9570 | D:11     | Got a slimy plate armour {god gift}
  9581 | D:11     | Identified the +1 plate armour of Okawaru's Indignation
                  | {Int+5} (Okawaru gifted it to you on level 11 of the
                  | Dungeon)
  9688 | D:11     | Noticed Psyche
  9696 | D:11     | Killed Psyche
 10128 | D:11     | Noticed a two-headed ogre
 10141 | D:11     | Killed a two-headed ogre
 10210 | D:11     | Noticed a manticore
 10213 | D:11     | Noticed a fire dragon
 10218 | D:11     | Killed from afar by a fire dragon

Vault maps used:
D:1:      mrwooster_arrival_statue_2
D:2:      chequers_ecumenical_altar_simple_redux, uniq_robin, uniq_sigmund
D:3:      first_ration, serial_co_window_serial, co_window_paths_b,
          co_window_paths_a, co_window_paths_a, co_window_paths_b,
          co_window_corner_a, co_window_cross_4, co_window_of_opportunity_c,
          co_window_of_opportunity_c, co_window_broadway_a, glass_columns_a,
          glass_columns_c, glass_columns_c, glass_columns_a, glass_columns_b
D:4:      lemuel_crystal_altar
D:5:      minmay_temple_entry_fiery, serial_shops, shop, uniq_grinder
D:6:      elyvilon_altar_4, portal_sewer_entry_f, uniq_eustachio
D:7:      serial_shops, shop_statue
D:8:      grunt_qazlal_sundering, lair_entry_dummy
D:9:      lemuel_round_altar, zombieorc1_lemuel
D:10:     gammafunk_ghost_hydra_chop
D:11:     minmay_firetagon, hangedman_fish_farm, uniq_psyche
D:12:     minmay_expanding_circles, biasface_ghost_orc_armoury, basic_altar,
          uniq_erolcha, uniq_frances
Temple:   dpeg_five_rooms_temple
Sewer:    sewer_minmay_w

Skill      XL: |  1  2  3  4  5  6  7  8  9 10 11 |
---------------+----------------------------------+-----
Short Blades   | 1 2 3 4 5 6 |  6.5
Long Blades    | 1 2 3 4 5 6 |  6.5
Axes           | 1 2 3 4 5 6 |  6.5
Maces & Flails | 1 2 3 4 5 6 |  6.5
Staves         | 1 2 3 4 5 6 |  6.5
Slings         | 1 2 3 4 5 6 |  6.5
Bows           | 1 2 3 4 5 6 |  6.5
Crossbows      | 1 2 3 4 5 6 |  6.5
Throwing       | 1 2 3 4 5 6 |  6.5
Armour         | 3 4 5 6 7 |  7.1
Stealth        | 1 2 3 4 5 6 |  6.5
Shields        | 1 2 3 4 5 6 |  6.5
Unarmed Combat | 1 2 3 4 5 6 |  6.5
Spellcasting   | 5 6 7 8 |  8.3
Conjurations   | 1 2 3 4 5 |  5.4
Hexes          | 1 2 3 4 5 |  5.4
Summonings     | 1 2 3 4 5 |  5.4
Necromancy     | 1 2 3 4 5 |  5.4
Translocations | 1 2 3 4 5 |  5.4
Transmutations | 1 2 3 4 5 |  5.4
Fire Magic     | 1 2 3 4 5 |  5.4
Ice Magic      | 1 2 3 4 5 |  5.4
Air Magic      | 1 2 3 4 5 |  5.4
Earth Magic    | 1 2 3 4 5 |  5.4
Poison Magic   | 1 2 3 4 5 |  5.4
Invocations    | 1 2 3 4 5 6 7 |  7.2
Evocations     | 1 2 3 4 5 6 |  6.5
Fighting       | 5 6 7 8 |  8.1
Polearms       | 5 6 7 8 |  8.1
Dodging        | 5 6 7 8 |  8.1
Charms         | 6 7 |  7.8

Action                   |  1- 3 |  4- 6 |  7- 9 | 10-12 || total
-------------------------+-------+-------+-------+-------++-------
Melee: Spear             |    98 |   173 |    33 |   326 ||   630
       Bite              |     4 |    23 |    11 |    50 ||    88
       Staff             |       |    46 |    21 |       ||    67
       Punch             |       |     4 |       |       ||     4
       Rapier            |       |       |    22 |     1 ||    23
 Fire: Hunting sling     |       |       |   285 |    55 ||   340
 Cast: Song of Slaying   |     1 |     1 |    11 |     5 ||    18
       Shroud of Golubri |     1 |     7 |     9 |    29 ||    46
       Spectral Weapon   |     1 |     8 |     7 |    37 ||    53
       Infusion          |     1 |     4 |     1 |     1 ||     7
       Regeneration      |       |     2 |     7 |     9 ||    18
       Conjure Flame     |       |       |       |     5 ||     5
       Summon Butterflie |       |       |       |     9 ||     9
       Blink             |       |       |       |     3 ||     3
       Mephitic Cloud    |       |       |       |     2 ||     2
       Summon Lightning  |       |       |       |     1 ||     1
Invok: Heroism           |       |       |       |     1 ||     1
Evoke: Wand              |       |       |       |     1 ||     1
  Use: Scroll            |       |     4 |     4 |     7 ||    15
       Potion            |       |       |       |     2 ||     2
 Stab: Sleeping          |     3 |    10 |       |     9 ||    22
       Distracted        |       |     1 |     1 |     3 ||     5
  Eat: Chunk             |     1 |    10 |    10 |    14 ||    35
Armor: Leather armour    |    25 |       |       |       ||    25
       Animal skin       |       |    26 |       |       ||    26
       Steam dragon scal |       |    10 |    81 |    47 ||   138
Dodge: Dodged            |    66 |   119 |   204 |   138 ||   527
Block: Buckler           |       |       |     7 |    57 ||    64

Table legend:
 A = Non-vault XP
 B = Vault XP
 C = Vault XP percentage of total XP
 D = Non-vault monster count
 E = Vault monster count
 F = Vault count percentage of total count
                 A         B        C        D         E       F
            +---------+---------+-------+---------+---------+-------
      Total |   13992 |    2850 |  16.9 |     228 |      98 |  30.1
            +---------+---------+-------+---------+---------+-------
        D:1 |      35 |       0 |   0.0 |      23 |       0 |   0.0
        D:2 |      43 |     262 |  85.9 |      17 |      12 |  41.4
        D:3 |      90 |       0 |   0.0 |      25 |       0 |   0.0
        D:4 |     199 |       0 |   0.0 |       9 |       0 |   0.0
        D:5 |     404 |     262 |  39.3 |      12 |       1 |   7.7
        D:6 |    2052 |     207 |   9.2 |      36 |       5 |  12.2
        D:7 |     578 |       0 |   0.0 |      21 |       0 |   0.0
        D:8 |    1750 |       0 |   0.0 |      19 |       0 |   0.0
        D:9 |    1278 |     790 |  38.2 |      19 |      29 |  60.4
       D:10 |    2797 |       0 |   0.0 |      24 |       0 |   0.0
       D:11 |    3646 |     931 |  20.3 |      15 |       3 |  16.7
       D:12 |    1120 |       0 |   0.0 |       8 |       0 |   0.0
      Sewer |       0 |     398 | 100.0 |       0 |      48 | 100.0
            +---------+---------+-------+---------+---------+-------
